AoeStats
← bumbsbomba74

Black Forest

509732582Analyzed
4v4 RM · 5d ago on Sep 27, 2026· 48m 52s· 8 players
Game mode
Random Map
Map size
Large (8 player)
Population
200
Speed
Normal
Resources
Standard
Victory
Conquest
Starting age
Dark Age
Ending age
Imperial Age
RankedLock teamsTeams togetherTeam positionsShared explorationLock speedFull tech treeHidden civsTurbo modeCheats
Victory
Defeat
🇩🇪 Poles · Germany
1220
+13
🇷🇴 Jurchens · Romania
1203
+13
🇷🇴 Goths · Romania
1154
+15
🇩🇪 Chinese · Germany
1154
+15
🇺🇸 Lithuanians · United States
1165
-15
🇨🇱 Malay · Chile
1142
-14
🇫🇷 Turks · France
1140
-14
🇨🇴 Celts · Colombia
1110
-13
loicreste
7:16 Loom
12:52 Feudal Age
13:37 Double-Bit Axe
16:15 Fishing Lines
16:20 Horse Collar
19:04 Castle Age
17:19 Gold Mining
20:14 Bow Saw
24:55 Imperial Age
23:37 Wheelbarrow
23:13 Heavy Plow
25:37 Gold Shaft Mining
37:10 Conscription
38:31 Artillery
40:05 Coinage
40:23 Caravan
Mayunia
2:21 Loom
13:10 Feudal Age
14:07 Double-Bit Axe
18:14 Castle Age
17:24 Gold Mining
17:27 Stone Mining
17:21 Horse Collar
19:08 Wheelbarrow
30:12 Bow Saw
30:54 Scale Mail Armor
31:05 Forging
32:18 Ballistics
32:08 Masonry
34:05 Chain Mail Armor
36:26 Heavy Plow
36:26 Gold Mining
37:45 Iron Casting
37:07 Gambesons
38:36 Pikeman
45:01 Imperial Age
Kazule
1:05 Loom
12:11 Feudal Age
17:27 Castle Age
16:32 Double-Bit Axe
16:31 Horse Collar
18:30 Bow Saw
18:24 Heavy Plow
27:39 Wheelbarrow
30:11 Imperial Age
28:56 Town Watch
30:41 Fortified Wall
31:33 Scale Barding Armor
31:39 Forging
33:17 Hand Cart
32:45 Cavalier
33:38 Bloodlines
34:21 Paladin
35:02 Husbandry
36:33 Two-Man Saw
36:06 Crop Rotation
37:36 Iron Casting
38:25 Chain Barding Armor
46:56 Chemistry
EL PAJA
13:35 Feudal Age
16:19 Fishing Lines
17:01 Double-Bit Axe
21:37 Castle Age
20:41 Loom
21:49 Bow Saw
23:13 Gillnets
25:57 Wheelbarrow
26:22 Forging
28:17 Town Watch
31:08 Imperial Age
29:58 Fletching
30:43 Iron Casting
30:13 Pikeman
30:54 Squires
30:40 Arson
32:29 Chemistry
31:50 Ballistics
32:53 Halberdier
36:26 Forced Levy
36:48 Conscription
36:22 Man-at-Arms
37:14 Long Swordsman
38:32 Two-Handed Swordsman
41:05 Blast Furnace
mugur.andrei.gheorghe
0:40 Loom
13:22 Feudal Age
17:17 Castle Age
16:24 Double-Bit Axe
18:18 Bow Saw
18:58 Horse Collar
19:50 Heavy Plow
22:41 Gold Mining
22:43 Stone Mining
22:43 Gold Mining
23:41 Wheelbarrow
25:55 Hand Cart
25:25 Town Watch
29:48 Gold Shaft Mining
29:48 Stone Shaft Mining
29:54 Stone Shaft Mining
32:51 Imperial Age
31:48 Town Patrol
32:34 Ballistics
34:28 Padded Archer Armor
34:34 Scale Barding Armor
34:39 Forging
35:18 Thunderclap Bombs
35:28 Conscription
35:46 Hoardings
37:45 Chemistry
36:56 Masonry
36:52 Siege Engineers
37:51 Fortified Wall
41:17 Leather Archer Armor
41:22 Chain Barding Armor
41:38 Iron Casting
41:04 Scale Mail Armor
47:47 Caravan
48:17 Coinage
47:57 Guilds
bumbsbomba74
0:27 Loom
11:16 Feudal Age
11:58 Double-Bit Axe
17:16 Castle Age
15:24 Fishing Lines
18:06 Bow Saw
17:57 Gillnets
21:17 Horse Collar
22:59 Heavy Plow
24:37 Wheelbarrow
24:12 Gold Mining
24:39 Stone Mining
25:16 Padded Archer Armor
26:08 Gold Shaft Mining
29:54 Imperial Age
27:17 Fletching
27:46 Padded Archer Armor
27:57 Bodkin Arrow
27:34 Crossbowman
28:49 Ballistics
30:35 Bracer
31:37 Chemistry
31:00 Thumb Ring
32:16 Leather Archer Armor
31:23 Arbalester
36:36 Stone Shaft Mining
36:54 Hand Cart
40:29 Two-Man Saw
39:17 Town Watch
40:02 Conscription
40:20 Ring Archer Armor
40:07 Masonry
40:21 Bombard Tower
40:24 Scale Barding Armor
44:11 Great Wall
44:29 Masonry
44:15 Murder Holes
RandomGC
0:45 Loom
12:58 Feudal Age
13:26 Double-Bit Axe
13:25 Horse Collar
20:29 Castle Age
18:26 Gold Mining
20:27 Stone Mining
20:42 Scale Mail Armor
21:11 Heavy Plow
21:24 Bow Saw
22:48 Chain Mail Armor
27:29 Forging
27:59 Stone Shaft Mining
31:53 Iron Casting
31:54 Squires
31:15 Pikeman
31:17 Man-at-Arms
33:50 Anarchy
36:24 Imperial Age
34:07 Long Swordsman
37:39 Crop Rotation
38:30 Two-Man Saw
37:39 Halberdier
39:40 Perfusion
39:02 Elite Huskarl
40:04 Conscription
40:49 Blast Furnace
39:12 Two-Handed Swordsman
39:51 Champion
Tada
12:06 Feudal Age
13:01 Double-Bit Axe
16:16 Castle Age
14:53 Stone Mining
14:51 Horse Collar
17:26 Bow Saw
18:30 Town Watch
18:33 Loom
19:04 Fletching
21:56 Heavy Plow
27:20 Wheelbarrow
26:50 Gold Mining
27:41 Szlachta Privileges
28:56 Scale Barding Armor
29:01 Forging
29:54 Bloodlines
29:44 Husbandry
30:22 Hand Cart
30:00 Light Cavalry
31:41 Iron Casting
34:37 Chain Barding Armor
38:43 Imperial Age
37:09 Pikeman
37:48 Bodkin Arrow
37:53 Padded Archer Armor
38:45 Onager
38:48 Cavalier
38:52 Winged Hussar
40:34 Blast Furnace
40:17 Crop Rotation
44:17 Siege Engineers
45:13 Chemistry
45:23 Bracer
44:51 Capped Ram
Connection lost

Rejoining the realm…

Still unreachable

The connection could not be restored.

Session expired

The server has moved on; the page needs a fresh start.